 Dungeon Crawl Stone Soup version 0.18-b1-10-g3f7de93 (webtiles) character file.

793 juanjsm the Ducker (level 7, -8/32 HPs)
             Began as a Spriggan Venom Mage on Apr 29, 2016.
             Was an Initiate of Vehumet.
             Mangled by a troll (12 damage)
             ... on level 6 of the Dungeon.
             The game lasted 00:31:38 (6360 turns).

juanjsm the Ducker (Spriggan Venom Mage)            Turns: 6360, Time: 00:31:39

Health: -8/32      AC:  4    Str:  4    XL:     7   Next: 57%
Magic:  8/16       EV: 21    Int: 18    God:    Vehumet [......]
Gold:   246        SH:  0    Dex: 17    Spells: 4 memorised, 6 levels left

rFire  . . .     SeeInvis +     j - +2 dagger (drain)
rCold  . . .     Gourm    .     a - +0 robe
rNeg   . . .     Faith    +     (shield restricted)
rPois  .         Spirit   .     (helmet restricted)
rElec  .         Dismiss  .     k - +1 cloak
rCorr  .         Reflect  .     (gloves unavailable)
SustAt .         Harm     .     (boots unavailable)
MR     +....     Rnd*Tele +     g - amulet of faith
Stlth  +++.......               F - ring of teleportation (curse)
                                t - ring of wizardry

@: very quick, somewhat resistant to hostile enchantments, fairly stealthy
A: unfitting armour, see invisible, herbivore 3, speed 3, slow metabolism 2
a: Renounce Religion


You were on level 6 of the Dungeon.
You worshipped Vehumet.
Vehumet was noncommittal.
You were not hungry.

You visited 2 branches of the dungeon, and saw 9 of its levels.

You collected 246 gold pieces.

Inventory:

Hand Weapons
 e - a +2 dagger of venom
 j - a +2 dagger of draining (weapon)
 v - a +0 hunting sling
Missiles
 w - 189 stones (quivered)
Armour
 a - a +0 robe (worn)
 k - a +1 cloak (worn)
Jewellery
 g - an amulet of faith (around neck)
 t - a ring of wizardry (left hand)
 u - a +5 amulet of reflection {unknown}
 F - a cursed ring of teleportation (right hand)
Wands
 d - a wand of polymorph (9/24)
 q - a wand of acid (8/15)
Scrolls
 p - 2 scrolls of remove curse
 r - a scroll of immolation {unknown}
 s - a scroll of fog {unknown}
 x - a scroll of enchant weapon {unknown}
 y - 2 scrolls of noise {unknown}
 z - a scroll of enchant armour {unknown}
 A - a scroll of amnesia {unknown}
 B - a scroll of teleportation {unknown}
 D - 3 scrolls of magic mapping
 H - a scroll of summoning {unknown}
Potions
 f - 2 potions of curing
 h - 2 potions of haste
 l - 2 potions of might
 m - 4 potions of heal wounds
 n - a potion of mutation {unknown}
 C - 2 potions of brilliance {unknown}
 E - a potion of flight {unknown}
 G - a potion of lignification {unknown}
Books
 b - a Young Poisoner's Handbook

   Spells                             Type                      Level
   a - Sting                          Conjuration/Poison           1
   b - Cure Poison                    Poison                       2
   c - Mephitic Cloud                 Conjuration/Poison/Air       3
   d - Olgreb's Toxic Radiance        Poison                       4
   e - Venom Bolt                     Conjuration/Poison           5
 i - a book of Clouds

   Spells                             Type                      Level
   a - Mephitic Cloud                 Conjuration/Poison/Air       3
   b - Conjure Flame                  Conjuration/Fire             3
   c - Poisonous Cloud                Conjuration/Poison/Air       6
   d - Freezing Cloud                 Conjuration/Ice/Air          6
   e - Ring of Flames                 Charms/Fire                  7
Comestibles
 c - 4 bread rations
 o - 5 fruits


   Skills:
 + Level 0.5 Fighting
 + Level 0.7 Short Blades
 * Level 5.7 Dodging
 + Level 4.9 Stealth
 * Level 5.7 Spellcasting
 * Level 2.8 Conjurations
 + Level 0.6 Air Magic
 + Level 5.6 Poison Magic


You had 6 spell levels left.
You knew the following spells:

 Your Spells              Type           Power        Failure   Level  Hunger
a - Sting                 Conj/Pois      ###.         1%          1    None
b - Cure Poison           Pois           ####......   1%          2    None
c - Mephitic Cloud        Conj/Pois/Air  ###.....     6%          3    ##.....
d - Venom Bolt            Conj/Pois      ###.......   34%         5    #####..


Dungeon Overview and Level Annotations

Branches:
Dungeon (8/15)             Temple (1/1) D:4
   Lair: D:8-11

Altars:
Ashenzari
Elyvilon
Gozag
Kikubaaqudgha
Nemelex Xobeh
Okawaru
Qazlal
Ru
Sif Muna
Trog
Vehumet
Xom
Yredelemnul
Zin
The Shining One

Annotations:
D:3 Grinder, Natasha
D:5 1 runed door
D:6 Sigmund


Innate Abilities, Weirdness & Mutations

You are tiny and cannot use many weapons and most armour.
You have supernaturally acute eyesight.
You are a herbivore.
You cover ground extremely quickly.
You need consume almost no food.


Message History

The sting hits the troll.
The troll looks even sicker.
The troll is severely wounded.
Casting: Sting
Confirm with . or Enter, or press ? or * to list all spells.
Aiming: Sting
Press: ? - help, Shift-Dir - straight line, f/p - troll
Aim: a troll (severely wounded, poisoned)
The sting hits the troll.
The troll looks even sicker.
The troll is almost dead.
You closely miss the troll.
The troll is almost dead.
The troll bites you!
Ouch! That really hurt!
The troll closely misses you. The troll completely misses you.
You hit the troll but do no damage.
The troll is almost dead.
The troll misses you. The troll claws you!
* * * LOW HITPOINT WARNING * * *
The troll claws you!
You die...

#### #.# ................@# ...#
#.# #######'#..#%###.#
...###.#########.#........#
...+.............#....####
...###.###########....# ###
...##.................# #.#
...###..###########...# #.# ...#
#..###########...########.# ...#
#..#......T@..............# ...#
#..#.###########.########.# .###
#..#.# #.. ...# #.# ...# #..#.#
#.#####..# #(# ...#
#..#.####.#......# #.#
#..###..#[........#...# #.#
##......######.#..#.<.# #.#
.##.................##########.#
..####..######T#...............#


You could see a troll.

Vanquished Creatures
  A hippogriff (D:6)
  A sky beast (D:6)
  A centaur (D:5)
  A howler monkey (D:5)
  2 hounds
  3 orc wizards
  5 worker ants
  Robin (D:3)
  6 adders
  2 oozes
  3 worms
  A dart slug (D:1)
  3 giant geckos
  17 orcs
  4 giant cockroaches
  17 goblins
  11 hobgoblins
  3 jackals (D:2)
  2 quokkas
  10 bats
  A giant gecko skeleton (D:4)
  3 giant newts
  4 kobolds
  3 rats
105 creatures vanquished.

Notes
Turn   | Place    | Note
--------------------------------------------------------------
     0 | D:1      | juanjsm the Spriggan Venom Mage began the quest for the Orb.
     0 | D:1      | Reached XP level 1. HP: 9/9 MP: 5/5
   395 | D:1      | Reached XP level 2. HP: 13/13 MP: 4/6
   399 | D:1      | Learned a level 2 spell: Cure Poison
  1140 | D:2      | Reached XP level 3. HP: 16/16 MP: 6/8
  1145 | D:2      | Learned a level 3 spell: Mephitic Cloud
  1618 | D:2      | Reached XP level 4. HP: 21/21 MP: 6/10
  2124 | D:3      | Reached skill level 1 in Conjurations
  2342 | D:3      | Noticed Natasha
  2404 | D:3      | Reached XP level 5. HP: 24/24 MP: 9/12
  2421 | D:3      | Learned a level 5 spell: Venom Bolt
  2593 | D:3      | Noticed Grinder
  2960 | D:3      | Noticed Robin
  3005 | D:5      | Entered Level 5 of the Dungeon
  3155 | D:7      | Found a bloodstained altar of Trog.
  3392 | D:7      | Noticed an ice beast
  3415 | D:7      | Noticed an ice beast
  3470 | D:7      | Noticed an orc warrior
  3484 | D:7      | Noticed a centaur
  3717 | D:6      | Found a glowing golden altar of the Shining One.
  3807 | D:6      | Noticed a troll
  3999 | D:5      | Found a runed door.
  3999 | D:5      | Noticed a human
  4493 | D:3      | Killed Robin
  4579 | D:3      | Reached XP level 6. HP: 29/29 MP: 6/13
  4798 | D:4      | Reached skill level 5 in Poison Magic
  4852 | D:4      | Found an iron altar of Okawaru.
  4968 | D:4      | Found a staircase to the Ecumenical Temple.
  4977 | Temple   | Entered the Ecumenical Temple
  5031 | Temple   | Became a worshipper of Vehumet
  5459 | D:5      | Reached skill level 5 in Dodging
  5536 | D:5      | Found a deep blue altar of Sif Muna.
  5545 | D:5      | Reached skill level 5 in Spellcasting
  5545 | D:5      | Reached XP level 7. HP: 31/32 MP: 5/15
  5636 | D:5      | Found a basalt altar of Yredelemnul.
  5950 | D:6      | Noticed a hippogriff
  5960 | D:6      | Killed a hippogriff
  6218 | D:6      | Noticed Sigmund
  6360 | D:6      | Mangled by a troll

Skill      XL: |  1  2  3  4  5  6 |
---------------+-------------------+-----
Spellcasting   | 3 4 5 |  5.7
Dodging        | 4 5 |  5.7
Conjurations   | 1 2 |  2.8
Stealth        | 4 |  4.9
Poison Magic   | 5 |  5.6
Fighting       | |  0.5
Short Blades   | |  0.7
Air Magic      | |  0.6

Action                   |  1- 3 |  4- 6 |  7- 9 || total
-------------------------+-------+-------+-------++-------
Melee: Dagger            |    38 |    96 |    20 ||   154
 Cast: Sting             |    57 |   107 |    19 ||   183
       Mephitic Cloud    |       |    16 |     1 ||    17
       Cure Poison       |       |     1 |       ||     1
       Venom Bolt        |       |       |     1 ||     1
  Use: Scroll            |     6 |     3 |       ||     9
 Stab: Sleeping          |     9 |     7 |       ||    16
       Confused          |       |     2 |     1 ||     3
  Eat: Pizza             |       |     1 |       ||     1
       Royal jelly       |       |       |     1 ||     1
Armor: Robe              |     3 |    11 |     2 ||    16
Dodge: Dodged            |    46 |   105 |    27 ||   178
